Map: Ulrena

Players

capac

  • Race: Terran Terran
  • League: Gold

blc - Winner!

  • Race: Zerg Zerg
  • League: Gold

VOD

Have the link to the VOD?

Description

Time

  • Played on: March 21, 2016, 1:51 p.m.
  • Length: 3:58
Show
View Real Time Build Order
Export as new Build Order

capac Terran 

Build Orders:  

Get SALT Encoding   

  12  0:05  SCV  
  13  0:17  SCV  
  13  0:19  Supply Depot  
  14  0:29  SCV  
  15  0:41  SCV  
  16  0:42  Barracks  
  16  0:47  Refinery  
  16  0:53  SCV  
  17  1:05  SCV  
  18  1:18  SCV  
  19  1:30  Reaper, SCV  
  21  1:51  Barracks  
  21  1:54  Bunker  
  21  1:56  Supply Depot  
  21  2:06  Marine  
  22  2:24  Reaper  
  23  2:56  Reaper  
  23  2:59  Marine  
  23  3:17  Marine  
  19  3:42  Bunker  
Show
View Real Time Build Order
Export as new Build Order

blc Zerg - Winner!

Build Orders: Hatch First 

Get SALT Encoding   

  12  0:14  Drone x2  
  14  0:40  Hatchery  
  13  0:52  Spawning Pool  
  13  0:57  Drone  
  13  1:01  Drone  
  14  1:11  Extractor  
  14  1:12  Extractor  
  14  1:13  Drone x2  
  16  1:20  Overlord  
  16  1:47  Zergling x4  
  17  1:52  Zergling x2  
  19  1:55  Spine Crawler x2  
  19  1:57  Spine Crawler  
  16  2:08  Queen  
  18  2:17  Zergling x4  
  20  2:24  Zergling x4  
  20  2:57  Zergling x6  
  20  3:07  Zergling x6  
  20  3:09  Queen  
  20  3:12  Extractor  
  21  3:38  Zergling x4  
Tags
 
League
GoldGold
Matchup
TvZ
Add a new tag
Caveats
  • Supply blocks, unpowered buildings, or Contaminate may cause inaccurate times.
  • Supply counts are checked every 10 seconds.